 Dungeon Crawl Stone Soup version 0.29.0-4-gdea44cf6ec (webtiles) character file.

Game seed: 8679161253351473784

53 qw the Ruffian (level 3, -2/28 HPs)
             Began as a Ghoul Fire Elementalist on Aug 29, 2022.
             Slain by an orc
             ... wielding a +0 mace
              (3 damage)
             ... on level 2 of the Dungeon.
             The game lasted 00:01:00 (1387 turns).

qw the Ruffian (Ghoul Fire Elementalist)            Turns: 1387, Time: 00:01:01

Health: -2/28      AC: 10    Str: 13    XL:     3   Next: 87%
Magic:  4/4        EV:  3    Int: 10    God:
Gold:   51         SH:  0    Dex:  9    Spells: 4/5 levels left

rFire   . . .      SeeInvis .     - Unarmed
rCold   + . .      Faith    .   (no shield)
rNeg    + + +      Spirit   .   f - +0 plate armour
rPois   inf        Reflect  .   (no helmet)
rElec   .          Harm     .   (no cloak)
rCorr   .          Rampage  .   (no gloves)
Will    .....                   (no boots)
Stlth   ..........              (no amulet)
HPRegen 0.00/turn               (no ring)
MPRegen 0.09/turn               (no ring)

@: inhibited regen
A: claws 1, cold resistance 1, negative energy resistance 3, inhibited
regeneration, torment resistance 2, devour on kill
a: no special abilities


You were on level 2 of the Dungeon.
You visited 1 branch of the dungeon, and saw 2 of its levels.

You collected 51 gold pieces.


Innate Abilities, Weirdness & Mutations

You are immune to poison.
You have sharp fingernails.
Your flesh is cold resistant. (rC+)
You are immune to negative energy. (rN+++)
You do not regenerate when monsters are visible.
You are immune to unholy pain and torment.
You thrive by killing the living.


   Skills:
 - Level 1.0 Fighting
 + Level 0.0 Armour
 - Level 1.7 Dodging
 - Level 2.1 Stealth
 - Level 3.4 Unarmed Combat
 - Level 1.7 Spellcasting
 - Level 0.7 Conjurations
 - Level 2.4 Fire Magic


You had 4 spell levels left.
You knew the following spells:

 Your Spells              Type           Power      Damage    Failure   Level
a - Foxfire               Conj/Fire      16%        2x1d4     100%        1

Your spell library contained the following spells:

 Spells                   Type           Power      Damage    Failure   Level
 Scorch                   Fire           10%        2d6       100%        2
 Conjure Flame            Conj/Fire      4%         6-21      100%        3
 Inner Flame              Hex/Fire       3%         N/A       100%        3
 Flame Wave               Conj/Fire      4%         2d5       100%        4

Inventory:

Armour
 f - a +0 plate armour (worn)
Jewellery
 b - a +4 ring of slaying {mikee}
Scrolls
 g - a scroll of identify
Potions
 a - a potion of ambrosia {unknown}
 d - a potion of haste
 h - a potion of cancellation {unknown}

Dungeon Overview and Level Annotations

Branches:
Dungeon (2/15)

Altars:


Message History

You scratch the orc wizard.
The orc wizard is moderately wounded.
You closely miss the orc wizard.
The orc wizard is moderately wounded.
The orc wizard hits you but does no damage.
You barely miss the orc wizard.
The orc wizard is moderately wounded.
The orc wizard hits you with a +0 dagger.
The orc barely misses you.
You scratch the orc wizard.
The orc wizard is severely wounded.
The orc wizard hits you but does no damage.
The orc hits you with a +0 mace.
You scratch the orc wizard but do no damage.
The orc wizard is severely wounded.
The orc wizard hits you but does no damage.
The orc barely misses you.
You closely miss the orc wizard.
The orc wizard is severely wounded.
The orc wizard gestures at you while chanting.
The magic dart hits you! The orc completely misses you.
You barely miss the orc wizard.
The orc wizard is severely wounded.
The orc wizard hits you but does no damage.
The orc hits you with a +0 mace.
You scratch the orc wizard.
The orc wizard is almost dead.
The orc wizard hits you but does no damage.
The orc hits you but does no damage.
You scratch the orc wizard.
The orc wizard is almost dead.
The orc wizard hits you but does no damage.
The orc hits you with a +0 mace.
You scratch the orc wizard.
You kill the orc wizard!
The orc hits you but does no damage.
Your Unarmed Combat skill increases to level 3!
You scratch the orc but do no damage. The orc hits you with a +0 mace.
You die... ~...~..#. oo......

o..... ....$ ~..# ..#
#########.#
.......@).#
.....###o###.# #
.............### #
####.###.#####.## #
#...##.####...## #
#..............## #
#...##.##.......######
##.......)...........#
#.###..........####.#


You could see an orc.

Vanquished Creatures
  An orc wizard (D:2)
  An orc (D:2)
  2 endoplasms
  4 goblins
  2 hobgoblins (D:1)
  4 jackals (D:2)
  A quokka (D:1)
  2 ball pythons
  2 bats
  2 frilled lizards
  A kobold (D:1)
  4 rats
26 creatures vanquished.

Vanquished Creatures (others)
  4 toadstools (D:1)
4 creatures vanquished.

Grand Total: 30 creatures vanquished

Notes
Turn   | Place    | Note
-------+----------+-------------------------------------------
     0 | D:1      | qw the Ghoul Fire Elementalist began the quest for the Orb.
     0 | D:1      | Reached XP level 1. HP: 14/14 MP: 2/2
     0 | D:1      | 0 ||| qw: Version: 0.1-a-90-g952f4b7
     0 | D:1      | 0 ||| qw: Game counter: 3675
     0 | D:1      | 0 ||| qw: Always use a shield: true
     0 | D:1      | 0 ||| qw: God list: Okawaru
     0 | D:1      | 0 ||| qw: Allow faded altars: false
     0 | D:1      | 0 ||| qw: Do Orc after D:15 true
     0 | D:1      | 0 ||| qw: Do second Lair branch before Depths: true
     0 | D:1      | 0 ||| qw: Lair rune preference: random
     0 | D:1      | 0 ||| qw: Plans: Normal
     0 | D:1      | 0 ||| PLANNING D:1-11
   291 | D:1      | Reached skill level 1 in Unarmed Combat
   311 | D:1      | 311 ||| Stepping ~*~*~tactically~*~*~ (stealth).
   519 | D:1      | Reached XP level 2. HP: 22/22 MP: 3/3
   746 | D:1      | Reached skill level 1 in Fighting
  1105 | D:1      | 1105 ||| UPGRADING to +0 chain mail.
  1115 | D:1      | 1115 ||| DROPPING +0 robe.
  1116 | D:1      | 1116 ||| UPGRADING to +0 plate armour.
  1126 | D:1      | 1126 ||| DROPPING +0 chain mail.
  1127 | D:1      | 1127 ||| READING 2 scrolls labelled IJANLA CA KUMO.
  1128 | D:1      | 1128 ||| READING scroll labelled LINYOCSEASA.
  1132 | D:1      | 1132 ||| DROPPING potion of magic.
  1182 | D:2      | 1182 ||| STAIRDANCE
  1223 | D:2      | 1223 ||| Stepping ~*~*~tactically~*~*~ (stealth).
  1236 | D:2      | Reached skill level 2 in Unarmed Combat
  1249 | D:2      | 1249 ||| Stepping ~*~*~tactically~*~*~ (stealth).
  1252 | D:2      | 1252 ||| Stepping ~*~*~tactically~*~*~ (stealth).
  1259 | D:2      | 1259 ||| Stepping ~*~*~tactically~*~*~ (stealth).
  1262 | D:2      | 1262 ||| Stepping ~*~*~tactically~*~*~ (stealth).
  1263 | D:2      | 1263 ||| Stepping ~*~*~tactically~*~*~ (stealth).
  1270 | D:2      | 1270 ||| Stepping ~*~*~tactically~*~*~ (stealth).
  1275 | D:2      | 1275 ||| Stepping ~*~*~tactically~*~*~ (stealth).
  1279 | D:2      | 1279 ||| Stepping ~*~*~tactically~*~*~ (stealth).
  1316 | D:2      | Reached XP level 3. HP: 28/28 MP: 4/4
  1365 | D:2      | 1365 ||| Stepping ~*~*~tactically~*~*~ (hiding).
  1372 | D:2      | 1372 ||| Stepping ~*~*~tactically~*~*~ (outnumbered).
  1383 | D:2      | HP: 5/28 [orc/+0 mace (4)]
  1385 | D:2      | HP: 1/28 [orc/+0 mace (4)]
  1387 | D:2      | Reached skill level 3 in Unarmed Combat
  1387 | D:2      | Slain by an orc

Levels and vault maps discovered:
D:1:      ldierk_walled_garden_2, layout_loops_corners
D:2:      cheibrodos_pilgrimage, layout_loops_ring,
          ebering_ecumenical_altar_mist, dreamdust_princess_corridor,
          minmay_misc_feat_plants, uniq_natasha

Skill      XL: |  1  2  3 |
---------------+----------+-----
Unarmed Combat | 1 2 3 |  3.4
Fighting       | 1 |  1.0
Dodging        | |  1.7
Stealth        | |  2.1
Spellcasting   | |  1.7
Conjurations   | |  0.7
Fire Magic     | |  2.4

Action                   || total
-------------------------++-------
Melee: Unarmed           ||    87
       Punch             ||     1
  Use: Scroll            ||     2
Armor: Robe              ||     2
       Plate armour      ||    42
Dodge: Dodged            ||    16

Table legend:
 A = Non-vault XP
 B = Vault XP
 C = Vault XP percentage of total XP
 D = Non-vault monster count
 E = Vault monster count
 F = Vault count percentage of total count
                 A         B        C        D         E       F
            +---------+---------+-------+---------+---------+-------
      Total |      38 |      38 |  50.0 |      24 |       2 |   7.7
            +---------+---------+-------+---------+---------+-------
        D:1 |      18 |       0 |   0.0 |      12 |       0 |   0.0
        D:2 |      20 |      38 |  65.5 |      12 |       2 |  14.3
            +---------+---------+-------+---------+---------+-------
